 Dungeon Crawl Stone Soup version 0.21.0-25-ge575cb9 (webtiles) character file.

62545 tilp the Thaumaturge (level 14, -5/122 HPs)
             Began as a Grey Draconian Conjurer on Jan 21, 2018.
             Was a High Priest of Vehumet.
             Killed from afar by an efreet (26 damage)
             ... with a fireball
             ... on level 13 of the Dungeon on Jan 22, 2018.
             The game lasted 02:03:04 (33758 turns).

tilp the Thaumaturge (Grey Draconian Conjurer)     Turns: 33758, Time: 02:03:05

Health: -5/122     AC: 18    Str: 12    XL:     14   Next: 64%
Magic:  16/32      EV: 17    Int: 30    God:    Vehumet [*****.]
Gold:   162        SH:  7    Dex: 12    Spells: 3/41 levels left

rFire    . . .     SeeInvis .   u - +5 scimitar (flame)
rCold    . . .     Gourm    .   Y - +0 buckler
rNeg     . . .     Faith    .   (armour unavailable)
rPois    +         Spirit   .   J - +1 hat
rElec    .         Reflect  +   B - +0 cloak
rCorr    .         Harm     .   t - +0 pair of gloves "Ujomm" {Int+3}
MR       +....                  H - +1 pair of boots
Stlth    ++........             j - amulet of Buunk {Reflect MR+ Slay+2 SH+2}
HPRegen  0.30/turn              O - ring of Moodiness {+Blink rPois rF- MR- Int+8}
MPRegen  0.23/turn              r - ring of protection from fire

@: very slightly contaminated, studying Fighting
A: walk through water, unfitting armour, unbreathing, cold-blooded, AC +13
a: Renounce Religion, Evoke Blink


You were on level 13 of the Dungeon.
You worshipped Vehumet.
Vehumet was extremely pleased with you.
You were hungry.

You visited 4 branches of the dungeon, and saw 21 of its levels.
You also visited: Bailey and Ice Cave.

You collected 2572 gold pieces.
You spent 2410 gold pieces at shops.

Inventory:

Hand Weapons
 u - a +5 scimitar of flaming (weapon)
Missiles
 h - 51 tomahawks (quivered)
Armour
 t - the +0 pair of gloves "Ujomm" (worn) {Int+3}
   (You found it on level 1 of the Lair of Beasts)

   It affects your intelligence (+3).
 B - a +0 cloak (worn)
 H - a +1 pair of boots (worn)
 J - a +1 hat (worn)
 Y - a +0 buckler (worn)
Jewellery
 c - a +4 ring of protection
 e - an uncursed ring of poison resistance
 j - the amulet of Buunk (around neck) {Reflect MR+ Slay+2 SH+2}
   (You found it on level 7 of the Dungeon)

   [amulet of reflection]

   It shields you and reflects attacks.
   It affects your accuracy and damage with ranged weapons and melee attacks
   (+2).
   It affects your resistance to hostile enchantments.
   It affects your SH (+2).
 m - the ring of Traps {+Fly rPois rF- rC+ Str+6}
   (You found it in an ice cave)

   [ring of protection from cold]

   It affects your strength (+6).
   It makes you vulnerable to fire.
   It protects you from cold.
   It protects you from poison.
   It lets you fly.
 r - a ring of protection from fire (right hand)
 C - the amulet of the Ageless Eyes {Reflect MR+ SH+5 SInv}
   (You found it on level 8 of the Dungeon)

   [amulet of reflection]

   It shields you and reflects attacks.
   It affects your resistance to hostile enchantments.
   It lets you see invisible.
   It affects your SH (+5).
 F - an uncursed ring of resist corrosion
 G - an uncursed ring of flight
 M - an uncursed amulet of regeneration {unknown}
 O - the ring of Moodiness (left hand) {+Blink rPois rF- MR- Int+8}
   (You found it in an ice cave)

   [ring of poison resistance]

   It affects your intelligence (+8).
   It makes you vulnerable to fire.
   It protects you from poison.
   It affects your resistance to hostile enchantments.
   It lets you blink.
Wands
 g - a wand of iceblast (16)
 y - a wand of acid (15)
 L - a wand of paralysis (27)
 P - a wand of scattershot (5)
 V - a wand of polymorph (41)
 W - a wand of flame (19)
 Z - a wand of disintegration (12)
Scrolls
 k - a scroll of enchant weapon
 q - 4 scrolls of teleportation
 w - 9 scrolls of remove curse
 D - a scroll of acquirement {unknown}
 E - a scroll of noise {unknown}
 I - 2 scrolls of magic mapping {unknown}
 R - a scroll of vulnerability {unknown}
 S - 2 scrolls of blinking
 T - 4 scrolls of fear {unknown}
Potions
 d - a potion of ambrosia {unknown}
 f - 9 potions of curing
 i - 4 potions of flight
 l - 4 potions of heal wounds
 n - 3 potions of magic
 o - 3 potions of haste
 p - 3 potions of agility
 s - 2 potions of mutation
 v - 3 potions of brilliance
 z - 3 potions of lignification
 A - a potion of experience {unknown}
 K - a potion of might
 Q - a potion of cancellation {unknown}
Books
 a - a manual of Fighting
 x - a book of Battle

   Spells                             Type                      Level
   a - Infusion                       Charms                       1
   b - Shroud of Golubria             Charms/Translocation         2
   c - Song of Slaying                Charms                       2
   d - Spectral Weapon                Hexes/Charms                 3
   e - Regeneration                   Charms/Necromancy            3
Comestibles
 b - 28 rations


   Skills:
 + Level 10.5 Fighting
 - Level 6.0 Long Blades
 - Level 10.1 Dodging
 - Level 4.2 Stealth
 - Level 4.0 Shields
 - Level 14.0 Spellcasting
 - Level 12.0 Conjurations
 - Level 4.0 Ice Magic
 - Level 6.0 Evocations


You had 3 spell levels left.
You knew the following spells:

 Your Spells              Type           Power        Failure   Level  Hunger
a - Magic Dart            Conj           ####         0%          1    None
b - Searing Ray           Conj           ######       1%          2    None
c - Conjure Flame         Conj/Fire      ######..     1%          3    None
d - Mephitic Cloud        Conj/Pois/Air  #####...     1%          3    None
e - Blink                 Tloc           N/A          3%          2    None
f - Throw Icicle          Conj/Ice       ######..     1%          4    None
g - Freezing Cloud        Conj/Ice/Air   ######....   11%         6    ####...
h - Iskenderun's Battles  Conj/Chrm      ######..     1%          5    None
i - Ozocubu's Armour      Chrm/Ice       ####....     3%          3    None
j - Animate Skeleton      Necr           N/A          2%          1    None
k - Apportation           Tloc           ###...       2%          1    None
l - Summon Butterflies    Summ           ###.....     2%          1    None
m - Iron Shot             Conj/Erth      ######....   9%          6    ####...


Dungeon Overview and Level Annotations

Branches:
Dungeon (13/15)            Temple (1/1) D:5            Lair (5/6) D:11
  Swamp (0/4) Lair:4       Spider (0/4) Lair:4        Slime (0/5) Lair:5
    Orc (2/2) D:9             Elf (0/3) Orc:2
 Vaults: D:13-14

Altars:
Ashenzari
Cheibriados
Dithmenos
Elyvilon
Fedhas
Gozag
Hepliaklqana
Kikubaaqudgha
Makhleb
Nemelex Xobeh
Okawaru
Qazlal
Ru
Sif Muna
Trog
Uskayaw
Vehumet
Wu Jian
Xom
Yredelemnul
Zin
The Shining One
Beogh
Jiyva

Shops:
D:4 }%:   D:6 *   D:8 :   D:9 !   D:10 [   Orc:2 }!!(

Annotations:
D:7 4 transporters
D:10 Fannar
Lair:1 spellbooks on stairs


Innate Abilities, Weirdness & Mutations

You can walk through water.
Your dull iron-grey scales are very hard. (AC +13)
You cannot fit into any form of body armour.
You can survive without breathing.
You are cold-blooded and may be slowed by cold attacks.


Message History

The efreet is almost dead.
The efreet hits you with a scimitar of flaming!
The efreet burns you.
You hit the efreet.
The efreet is almost dead.
The efreet gestures at you. The bolt of fire hits you!
* * * LOW HITPOINT WARNING * * *
Unknown command.
Casting: Iron Shot
Confirm with . or Enter, or press ? or * to list all spells.
Aiming: Iron Shot
Press: ? - help, Shift-Dir - straight line, f/p - efreet
Aim: an efreet, wielding a scimitar of flaming (almost dead)
You miscast Iron Shot.
You are very lightly contaminated with residual magic.
You feel momentarily lethargic. The efreet gestures at you.
The fireball explodes!
The fireball engulfs you!
You die...

..............#
..............#
..............#
..............#######
....................#
...........>........#
..#####.............#
..# #.............#
..# #.....####@...#
..# #.....#..'R...#
..# #.....#..#ยง...#
..# #..## #..#....#
..# #..# ... #....#
..# #..#.... #....#
..# +..#... #....#
..# #..#... #....#
.)#####..# #.<..#


You could see an efreet.

Vanquished Creatures
  2 ice dragons (IceCv)
  An ogre mage (Orc:2)
  Harold (D:10)
  Erica (D:8)
  Erolcha (Orc:2)
  6 hydras
  2 catoblepae
  4 two-headed ogres
  4 death yaks
  An orc high priest (Orc:2)
  Nergalle (Orc:2)
  Sonja (D:10)
  3 orc knights
  3 deep elf magi
  9 orc sorcerers
  2 ugly things
  A wolf spider zombie (D:13)
  A manticore (D:11)
  9 elephants
  Psyche (D:10)
  5 black mambas
  2 ice statues (IceCv)
  7 spiny frogs
  4 rime drakes
  A kobold demonologist (D:12)
  4 komodo dragons
  6 trolls
  A wolf spider simulacrum (D:13)
  A merfolk (D:12)
  26 blink frogs
  5 hippogriffs
  Sigmund (D:6)
  2 centaur simulacra (D:13)
  A redback (Lair:4)
  19 yaks
  A wyvern (Lair:2)
  8 humans (D:8)
  Grum (D:8)
  3 basilisks
  A hungry ghost (D:9)
  A swamp worm (Lair:4)
  5 wargs
  A soldier ant (D:12)
  14 water moccasins
  5 porcupines
  A black bear (D:9)
  20 ice beasts
  3 sky beasts
  29 orc warriors
  2 phantoms
  16 ogres
  7 wolves
  12 crocodiles
  3 centaurs
  Blork the orc (D:4)
  7 bullfrogs
  5 big kobolds
  A wyvern zombie (D:7)
  3 gnoll sergeants (D:9)
  A wyvern skeleton (D:13)
  2 scorpions
  5 killer bees (D:8)
  8 howler monkeys
  10 electric eels
  7 crimson imps
  3 centaur zombies
  A quasit (D:8)
  11 hounds
  19 orc priests
  2 jellies
  33 orc wizards
  2 bullfrog skeletons
  Jessica (D:12)
  5 iguanas
  9 worker ants
  A killer bee zombie (D:8)
  A hound skeleton (D:4)
  A worker ant zombie (D:8)
  26 gnolls
  14 adders
  2 shadow imps (D:8)
  15 white imps
  2 oozes
  4 adder skeletons
  2 worms (D:4)
  2 dart slugs (D:1)
  2 leopard geckos
  85 orcs
  5 giant cockroaches
  19 goblins
  17 hobgoblins
  25 jackals
  4 quokkas
  3 ball pythons
  7 bats
  8 frilled lizards
  15 kobolds
  A leopard gecko skeleton (D:6)
  A quokka skeleton (D:5)
  14 rats
  A plant (D:6)
685 creatures vanquished.

Vanquished Creatures (others)
  An orc wizard (Orc:2)
  An orc (D:11)
  19 fungi
  13 plants
34 creatures vanquished.

Grand Total: 719 creatures vanquished

Notes
Turn   | Place    | Note
-------+----------+-------------------------------------------
     0 | D:1      | tilp the Draconian Conjurer began the quest for the Orb.
     0 | D:1      | Reached XP level 1. HP: 14/14 MP: 3/3
   462 | D:1      | Reached XP level 2. HP: 20/20 MP: 5/5
   824 | D:1      | Learned a level 2 spell: Searing Ray
  1031 | D:2      | Reached skill level 5 in Conjurations
  1038 | D:2      | Reached XP level 3. HP: 26/26 MP: 6/6
  1300 | D:2      | Reached XP level 4. HP: 24/33 MP: 1/7
  2160 | D:3      | Reached XP level 5. HP: 33/38 MP: 8/8
  2607 | D:3      | Found a hide-covered altar of Uskayaw.
  2608 | D:3      | Found a shattered altar of Ashenzari.
  2643 | D:4      | Found Dume's Food Shop.
  2856 | D:4      | Reached skill level 1 in Fighting
  3101 | D:4      | Reached XP level 6. HP: 48/48 MP: 6/9
  3123 | D:4      | Found Duhiwiedgh's Gadget Shoppe.
  3123 | D:4      | Noticed Blork the orc
  3134 | D:4      | Killed Blork the orc
  3173 | D:4      | Bought a wand of disintegration (4) for 80 gold pieces
  3188 | D:4      | Found Heehoer's Book Emporium.
  3742 | D:4      | Your scales start taking on a dull iron-grey colour.
  3742 | D:4      | Reached XP level 7. HP: 21/59 MP: 6/10
  3742 | D:4      | Gained mutation: You can survive without breathing. [Grey Draconian growth]
  4162 | D:5      | Entered Level 5 of the Dungeon
  4162 | D:5      | Found a hide-covered altar of Uskayaw.
  4380 | D:5      | Found a staircase to the Ecumenical Temple.
  4399 | Temple   | Entered the Ecumenical Temple
  4626 | Temple   | Became a worshipper of Vehumet
  4665 | D:5      | Reached XP level 8. HP: 59/66 MP: 4/12
  4777 | D:5      | Reached skill level 3 in Spellcasting
  5129 | D:5      | Reached skill level 4 in Spellcasting
  5205 | D:6      | Noticed Sigmund
  5249 | D:6      | Reached skill level 1 in Evocations
  5277 | D:6      | Found a transporter.
  5505 | D:6      | Found a transporter.
  5679 | D:6      | Reached * piety under Vehumet
  5679 | D:6      | Offered knowledge of Sandblast by Vehumet.
  5947 | D:6      | Learned a level 3 spell: Conjure Flame
  5951 | D:6      | Learned a level 3 spell: Mephitic Cloud
  5954 | D:6      | Learned a level 2 spell: Blink
  5968 | D:6      | Found a burning altar of Makhleb.
  5989 | D:6      | Found Xoanoj's Assorted Antiques.
  6158 | D:6      | Reached skill level 5 in Fighting
  6348 | D:6      | Found a hazy altar of Hepliaklqana.
  7025 | D:7      | Found an ornate altar of the Wu Jian Council.
  7025 | D:7      | Found a stormy altar of Qazlal.
  7040 | D:7      | Offered knowledge of Freeze by Vehumet.
  7080 | D:7      | Reached XP level 9. HP: 75/75 MP: 9/16
  7084 | D:7      | Reached skill level 5 in Spellcasting
  7189 | D:7      | Reached ** piety under Vehumet
  7293 | D:7      | Reached skill level 6 in Spellcasting
  7402 | D:7      | Found a flagged portal.
  7489 | Bailey   | Entered a bailey
  7780 | Bailey   | Offered knowledge of Static Discharge by Vehumet.
  7865 | Bailey   | Noticed an orc knight
  7909 | Bailey   | Killed an orc knight
  7909 | Bailey   | Reached *** piety under Vehumet
  8044 | Bailey   | Offered knowledge of Throw Icicle by Vehumet.
  8050 | Bailey   | Learned a level 4 spell: Throw Icicle
  8213 | Bailey   | Noticed an orc warlord
  8245 | Bailey   | Reached skill level 10 in Conjurations
  8564 | D:7      | Found a transporter.
  8902 | D:8      | Reached XP level 10. HP: 83/83 MP: 16/19
  9210 | D:8      | Noticed Grum
  9225 | D:8      | Killed Grum
  9340 | D:8      | Reached skill level 7 in Spellcasting
  9364 | D:8      | Reached **** piety under Vehumet
  9393 | D:8      | Found a large runed door.
  9416 | D:8      | Found a runed door.
  9418 | D:8      | Found a runed door.
  9480 | D:8      | Offered knowledge of Bolt of Magma by Vehumet.
  9735 | D:8      | Found Lisaijod's Book Shop.
 10089 | D:8      | Got an ancient graven amulet
 10126 | D:8      | Found a runed door.
 10144 | D:8      | Found a runed door.
 10198 | D:8      | Found a sacrificial altar of Ru.
 10199 | D:8      | Noticed Erica
 10219 | D:8      | Killed Erica
 10219 | D:8      | Reached skill level 8 in Spellcasting
 10916 | D:9      | Noticed a two-headed ogre
 10926 | D:9      | Killed a two-headed ogre
 10928 | D:9      | Noticed a two-headed ogre
 10935 | D:9      | Killed a two-headed ogre
 10935 | D:9      | Reached skill level 5 in Dodging
 11101 | D:9      | Found Zof Fups's Distillery.
 11110 | D:9      | Bought a potion of heal wounds for 80 gold pieces
 11110 | D:9      | Bought a potion of degeneration for 16 gold pieces
 11209 | D:9      | Reached XP level 11. HP: 77/94 MP: 21/23
 11376 | D:9      | Noticed a two-headed ogre
 11389 | D:9      | Killed a two-headed ogre
 11835 | D:9      | Found a basalt altar of Yredelemnul.
 11939 | D:9      | Found a staircase to the Orcish Mines.
 12012 | D:9      | Reached ***** piety under Vehumet
 12012 | D:9      | Offered knowledge of Freezing Cloud by Vehumet.
 12428 | D:9      | Learned a level 6 spell: Freezing Cloud
 12429 | D:10     | Entered Level 10 of the Dungeon
 12681 | D:10     | Noticed Sonja
 12825 | D:10     | Found Ahouv's Armour Shop.
 12836 | D:10     | Noticed Psyche
 12844 | D:10     | Noticed Harold
 12852 | D:10     | Killed Harold
 12901 | D:10     | Identified the amulet of the Ageless Eyes {Reflect MR+ SH+5 SInv} (You found it on level 8 of the Dungeon)
 12922 | D:10     | Noticed Fannar
 13141 | D:10     | Killed Psyche
 13516 | D:10     | Killed Sonja
 13960 | D:11     | Found a staircase to the Lair.
 13960 | D:11     | Noticed a green ugly thing
 13969 | D:11     | Killed a green ugly thing
 14023 | D:11     | Got a crystal long sword
 14117 | D:11     | Identified the +7 long sword of Malaise {flame, +Rage rC+ Int-5} (You found it on level 11 of the Dungeon)
 14222 | D:11     | Noticed a red ugly thing
 14315 | D:11     | Noticed a deep elf mage
 14352 | D:10     | Killed a red ugly thing
 14602 | D:11     | Noticed a two-headed ogre
 14613 | D:11     | Killed a two-headed ogre
 15225 | D:11     | Killed a deep elf mage
 15403 | D:8      | Bought a book of Power for 495 gold pieces
 15477 | D:6      | Killed Sigmund
 15802 | D:6      | Reached skill level 5 in Evocations
 16056 | D:7      | Found a transporter.
 16056 | D:7      | Found a transporter.
 16056 | D:7      | Found a transporter.
 16056 | D:7      | Found a transporter.
 16062 | D:7      | Noticed a two-headed ogre
 16067 | D:7      | Noticed a sixfirhy
 16070 | D:7      | Found a transporter.
 16078 | D:7      | Got a vibrating zirconium amulet
 16398 | D:8      | Learned a level 5 spell: Iskenderun's Battlesphere
 16430 | D:8      | Reached XP level 12. HP: 101/101 MP: 17/24
 16634 | D:8      | Reached skill level 9 in Spellcasting
 16725 | D:8      | Identified the amulet of Buunk {Reflect MR+ Slay+2 SH+2} (You found it on level 7 of the Dungeon)
 16877 | Lair:1   | Entered Level 1 of the Lair of Beasts
 16985 | Lair:1   | Got a pair of polished gloves
 16996 | Lair:1   | Identified the cursed +0 pair of gloves "Ujomm" {Int+3} (You found it on level 1 of the Lair of Beasts)
 17052 | Lair:1   | Noticed a seven-headed hydra
 17062 | Lair:1   | Killed a six-headed hydra
 17268 | Lair:1   | Reached skill level 10 in Spellcasting
 18067 | Lair:2   | Noticed a five-headed hydra
 18075 | Lair:2   | Killed a five-headed hydra
 18228 | Lair:2   | Reached skill level 10 in Fighting
 19634 | Lair:3   | Reached skill level 11 in Spellcasting
 20336 | Lair:3   | Noticed a catoblepas
 20359 | Lair:3   | Killed a catoblepas
 20359 | Lair:3   | Reached XP level 13. HP: 61/113 MP: 12/28
 21093 | Lair:3   | Reached skill level 12 in Spellcasting
 21558 | Lair:4   | Reached skill level 1 in Shields
 22202 | Lair:4   | Found a hole to the Spider Nest.
 22458 | Lair:4   | Found a staircase to the Swamp.
 22670 | Lair:4   | Learned a level 3 spell: Ozocubu's Armour
 23744 | Lair:4   | Reached skill level 10 in Dodging
 23756 | Lair:3   | Reached skill level 1 in Ice Magic
 24331 | Lair:5   | Found a frozen archway.
 24510 | IceCv    | Entered an ice cave
 24753 | IceCv    | Offered knowledge of Yara's Violent Unravelling by Vehumet.
 24863 | IceCv    | Upgraded the game from 0.21.0-24-g2553a33 to 0.21.0-25-ge575cb9
 25917 | IceCv    | Got a smoking iron ring
 25919 | IceCv    | Identified the ring of Traps {+Fly rPois rF- rC+ Str+6} (You found it in an ice cave)
 25923 | IceCv    | Got a warped ivory ring
 25925 | IceCv    | Identified the ring of Moodiness {+Blink rPois rF- MR- Int+8} (You found it in an ice cave)
 26337 | Lair:5   | Reached XP level 14. HP: 118/121 MP: 30/30
 26358 | Lair:5   | Found a staircase to the Slime Pits.
 26372 | Lair:5   | Found a viscous altar of Jiyva.
 26579 | Lair:1   | Learned a level 1 spell: Animate Skeleton
 26581 | Lair:1   | Learned a level 1 spell: Apportation
 26583 | Lair:1   | Learned a level 1 spell: Summon Butterflies
 26590 | Lair:1   | Learned a level 6 spell: Iron Shot
 27047 | Lair:5   | Reached skill level 13 in Spellcasting
 27462 | Orc:1    | Entered Level 1 of the Orcish Mines
 28152 | Orc:1    | Paralysed by an orc sorcerer for 3 turns
 28596 | Orc:1    | Found a bloodstained altar of Trog.
 28700 | Orc:2    | Entered Level 2 of the Orcish Mines
 29734 | Orc:2    | Found a staircase to the Elven Halls.
 29926 | Orc:2    | Found a roughly hewn altar of Beogh.
 30752 | Orc:2    | Found Idwuklin's Distillery.
 30978 | Orc:2    | Found Guadgh's Antique Weapon Boutique.
 31009 | Orc:2    | Found an ancient bone altar of Kikubaaqudgha.
 31010 | Orc:2    | Noticed Nergalle
 31017 | Orc:2    | Killed Nergalle
 31110 | Orc:2    | Found Taceegri's Distillery.
 31130 | Orc:2    | Reached skill level 14 in Spellcasting
 31139 | Orc:2    | Found a radiant altar of Vehumet.
 31151 | Orc:2    | Reached skill level 1 in Long Blades
 31153 | Orc:2    | Noticed Erolcha
 31158 | Orc:2    | Killed Erolcha
 31251 | Orc:2    | Found a roughly hewn altar of Beogh.
 31669 | Orc:2    | Offered knowledge of Irradiate by Vehumet.
 31671 | Orc:2    | Found Hanin's Gadget Shop.
 32032 | Orc:2    | Bought a potion of mutation for 104 gold pieces
 32032 | Orc:2    | Bought a potion of lignification for 39 gold pieces
 32032 | Orc:2    | Bought a potion of brilliance for 52 gold pieces
 32283 | D:4      | Bought a manual of Fighting for 1104 gold pieces
 32410 | D:8      | Bought a book of Battle for 440 gold pieces
 32746 | D:12     | Reached skill level 5 in Long Blades
 33053 | D:12     | Noticed Jessica
 33059 | D:12     | Found a deep blue altar of Sif Muna.
 33060 | D:12     | Killed Jessica
 33758 | D:13     | Killed from afar by an efreet

Skill      XL: |  1  2  3  4  5  6  7  8  9 10 11 12 13 14 |
---------------+-------------------------------------------+-----
Conjurations   | 5 6 7 10 12 | 12.0
Fighting       | 1 4 6 8 10 | 10.5
Dodging        | 3 4 5 8 10 | 10.1
Stealth        | 4 |  4.2
Spellcasting   | 4 6 8 11 12 14 | 14.0
Evocations     | 4 5 6 |  6.0
Shields        | 4 |  4.0
Ice Magic      | 4 |  4.0
Long Blades    | 6 |  6.0

Action                   |  1- 3 |  4- 6 |  7- 9 | 10-12 | 13-15 || total
-------------------------+-------+-------+-------+-------+-------++-------
Melee: Short sword       |    60 |       |       |       |       ||    60
       Tailslap          |    10 |    20 |    37 |    38 |    80 ||   185
       Unarmed           |     2 |       |       |       |       ||     2
       Dagger            |    51 |   205 |   345 |   118 |       ||   719
       Scimitar          |       |       |       |   142 |   548 ||   690
 Cast: Magic Dart        |    17 |     1 |    43 |    64 |    16 ||   141
       Searing Ray       |     4 |    16 |   102 |   166 |    87 ||   375
       Throw Icicle      |       |       |     7 |    46 |     4 ||    57
       Conjure Flame     |       |       |     6 |    49 |    67 ||   122
       Mephitic Cloud    |       |       |     5 |    19 |     2 ||    26
       Blink             |       |       |       |     1 |     2 ||     3
       Iskenderun's Batt |       |       |       |     8 |    15 ||    23
       Ozocubu's Armour  |       |       |       |       |    20 ||    20
       Iron Shot         |       |       |       |       |    32 ||    32
Evoke: Wand              |       |       |     3 |     3 |     8 ||    14
  Use: Scroll            |       |     1 |     8 |    12 |     7 ||    28
       Potion            |       |       |       |     1 |       ||     1
 Stab: Sleeping          |     3 |     3 |     4 |       |     4 ||    14
       Confused          |       |       |       |     1 |       ||     1
  Eat: Chunk             |     2 |     8 |    20 |    32 |    28 ||    90
       Ration            |       |       |       |     3 |     6 ||     9
Armor: Skin              |    31 |    54 |   159 |   192 |   275 ||   711
Dodge: Dodged            |    74 |    94 |   256 |   386 |   537 ||  1347
Block: Other             |       |       |       |    40 |    20 ||    60
       Reflection        |       |       |       |     6 |     6 ||    12
       Buckler           |       |       |       |       |   149 ||   149
       Rpst.: Scimitar   |       |       |       |    60 |   156 ||   216
